 Dungeon Crawl Stone Soup version 0.22-a0-307-g2b15929 (webtiles) character file.

5 4thArraOfDagon the Firebug (level 1, 0/15 HPs)
             Began as a Naga Fire Elementalist on Apr 1, 2018.
             Slain by a frilled lizard (2 damage)
             ... on level 3 of the Dungeon.
             The game lasted 00:01:13 (234 turns).

4thArraOfDagon the Firebug (Naga Fire Elementalist)  Turns: 234, Time: 00:01:14

Health: 0/15       AC:  1    Str: 10    XL:     1   Next: 80%
Magic:  3/3        EV: 10    Int: 15    God:
Gold:   24         SH:  0    Dex: 11    Spells: 3/4 levels left

rFire    . . .     SeeInvis +   (no weapon)
rCold    . . .     Gourm    .   (no shield)
rNeg     . . .     Faith    .   a - +0 robe
rPois    +         Spirit   .   (no helmet)
rElec    .         Reflect  .   (no cloak)
rCorr    .         Harm     .   (no gloves)
MR       .....                  (no barding)
Stlth    ++........             (no amulet)
HPRegen  0.05/turn              (no ring)
MPRegen  0.08/turn              (no ring)

@: very slow
A: large, see invisible, deformed body, poison resistance, slowness 2, slow
metabolism 1, spit poison 1, AC +0
a: Spit Poison


You were on level 3 of the Dungeon.
You were not hungry.

You visited 1 branch of the dungeon, and saw 3 of its levels.

You collected 24 gold pieces.

Inventory:

Armour
 a - a +0 robe (worn)
Scrolls
 f - a scroll of remove curse {unknown}
Potions
 b - a potion of heal wounds {unknown}
 d - a potion of ambrosia {unknown}
 e - a potion of degeneration {unknown}
Comestibles
 c - 3 rations


   Skills:
 - Level 1.5 Dodging
 - Level 3.0 Stealth
 + Level 2.0 Spellcasting
 * Level 1.3 Conjurations
 * Level 3.1 Fire Magic


You had 3 spell levels left.
You knew the following spells:

 Your Spells              Type           Power        Failure   Level  Hunger
a - Flame Tongue          Conj/Fire      #....        9%          1    #......


Dungeon Overview and Level Annotations

Branches:
Dungeon (3/15)

Altars:

Annotations:
D:2 Jessica
D:3 Ijyb


Innate Abilities, Weirdness & Mutations

You cannot wear boots.
Your serpentine skin is tough. (AC +0)
You have supernaturally acute eyesight. (SInv)
Armour fits poorly on your strangely shaped body.
Your system is resistant to poisons. (rPois)
You cover ground very slowly.
You have a slow metabolism.
You can spit poison.


Message History

Unknown command.
Unknown command.
Ijyb hits you.
Unknown command.
You enter the shallow water.
Moving in this stuff is going to be slow.
You have got your breath back.
Ijyb barely misses you.
Unknown command.
Unknown command.
The frilled lizard bites you. Ijyb hits you.
* * * LOW HITPOINT WARNING * * *
Unknown command.
Unknown command.
You enter the shallow water.
Moving in this stuff is going to be slow.
The frilled lizard bites you.
* * * LOW HITPOINT WARNING * * *
The frilled lizard bites you.
You die...

.≈≈≈≈≈≈≈≈ #≈≈≈≈≈≈≈
#.≈≈≈≈≈≈≈≈ #+
#≈.≈≈≈♣≈≈≈ .#####.
#.≈≈≈≈♣_.≈ .......
##..≈≈≈..≈≈
.......##...≈≈≈≈≈≈≈
#.......≈@≈≈≈≈≈≈≈
#.......gl≈≈≈≈≈≈≈
...#...#.≈≈≈≈.≈≈..
##.##...≈≈.≈≈.. ...
#.......### .....
######### ######


You could see Ijyb and a frilled lizard.

Vanquished Creatures
  2 bats (D:1)
  A hobgoblin (D:1)
  A frilled lizard (D:1)
  A rat (D:2)
5 creatures vanquished.

Notes
Turn   | Place    | Note
-------+----------+-------------------------------------------
     0 | D:1      | 4thArraOfDagon the Naga Fire Elementalist began the quest for the Orb.
     0 | D:1      | Reached XP level 1. HP: 15/15 MP: 3/3
    57 | D:2      | Noticed Jessica
   226 | D:3      | Noticed Ijyb
   229 | D:3      | Found a faded altar of an unknown god.
   234 | D:3      | Slain by a frilled lizard

Vault maps used:
D:1:      lightli_arrival_isolated_outpost, minmay_close_crescents
D:2:      item_on_display_a, uniq_jessica, uniq_crazy_yiuf_cottage
D:3:      lemuel_doored_altar, chequers_ecumenical_altar_island, first_ration,
          hangedman_decor_growths, uniq_ijyb

Action                   || total
-------------------------++-------
 Cast: Flame Tongue      ||     6
 Abil: Spit Poison       ||     7
Dodge: Dodged            ||     3

Table legend:
 A = Spawn XP
 B = Non-spawn XP
 C = Spawn XP percentage of total XP
 D = Spawn monster count
 E = Non-spawn monster count
 F = Spawn count percentage of total count
 G = Total turns spent on level
                    A         B        C        D         E        F      G
               +---------+---------+-------+---------+---------+-------+---------
         Total |       0 |       8 |   0.0 |       0 |       5 |   0.0 |   234
               +---------+---------+-------+---------+---------+-------+---------
           D:1 |       0 |       7 |   0.0 |       0 |       4 |   0.0 |   172
           D:2 |       0 |       1 |   0.0 |       0 |       1 |   0.0 |    54
               +---------+---------+-------+---------+---------+-------+---------
